[Event "XXX Torre Memorial 2018"]
[Site "Merida"]
[Date "2018.12.18"]
[Round "7"]
[White "Baryshpolets, Andrey"]
[Black "Martinez Duany, Lelys Stanley"]
[Result "0-1"]
[ECO "A40"]
[WhiteElo "2578"]
[BlackElo "2536"]
[Annotator "ChessBase"]
[PlyCount "134"]
[EventDate "2018.12.15"]
[EventType "swiss"]
[EventCountry "MEX"]
[SourceTitle "playchess.com"]
[Source "ChessBase"]
[SourceQuality "1"]
[TimeControl "5400+30"]

1. d4 g6 2. c4 Bg7 3. Nc3 c5 4. d5 Nf6 5. e4 d6 6. h3 Na6 7. Bd3 O-O 8. Bg5 Nc7 9. a4 e5 10. Qd2 Na6 11. Nge2 Nb4 12. Bb1 Qd7 13. g4 Ne8 14. Ng3 Bf6 15. Bh6 Bg7 16. Be3 Qe7 17. Ra3 Bd7 18. Nce2 a6 19. Kf1 b6 20. Kg2 Qd8 21. Kh2 b5 22. b3 bxa4 23. bxa4 Rb8 24. a5 Kh8 25. Rf1 Qe7 26. Ng1 Bc8 27. Nf3 Nf6 28. Bg5 Qd7 29. Rg1 Ng8 30. Rf1 Qe8 31. Be3 Qe7 32. Ng5 Nf6 33. Qc1 Kg8 34. Kg2 Rb7 35. Bd2 Bd7 36. f4 exf4 37. Bxf4 Rfb8 38. Qe3 Be8 39. Nf3 Nd7 40. Bg5 f6 41. Bf4 Bf7 42. Ne2 Ne5 43. Bxe5 fxe5 44. Ra1 Be8 45. g5 Bd7 46. Nh2 Rf8 47. Rxf8+ Bxf8 48. h4 Bc8 49. Nc3 Qd8 50. Nd1 Rf7 51. Nf2 Rf4 52. Qg3 h5 53. Ra3 Be7 54. Nf3 Bd7 55. Ng1 Qb8 56. Ne2 Rf7 57. Bd3 Bd8 58. Qe3 Bc7 59. Nc1 Qd8 60. Nb3 Rf4 61. Kg3 Qf8 62. Nc1 Bg4 63. Qd2 Rf3+ 64. Kg2 Bc8 65. Rb3 Bxa5 66. Bf1 Rf4 67. Kg3 Nd3 0-1

[Event "XXX Torre Memorial 2018"]
[Site "Merida"]
[Date "2018.12.18"]
[Round "7"]
[White "Gonzalez Vidal, Yuri"]
[Black "Quesada Perez, Yasser"]
[Result "1/2-1/2"]
[ECO "B48"]
[WhiteElo "2553"]
[BlackElo "2528"]
[Annotator "ChessBase"]
[PlyCount "74"]
[EventDate "2018.12.15"]
[EventType "swiss"]
[EventCountry "MEX"]
[SourceTitle "playchess.com"]
[Source "ChessBase"]
[SourceQuality "1"]
[TimeControl "5400+30"]

1. e4 c5 2. Nf3 e6 3. d4 cxd4 4. Nxd4 Nc6 5. Nc3 Qc7 6. Be3 Nf6 7. f4 Bb4 8. Ndb5 Qa5 9. e5 Nd5 10. Bd2 Nxc3 11. Bxc3 Bxc3+ 12. Nxc3 O-O 13. Qd2 Rb8 14. Bd3 b5 15. O-O Ba6 16. Rf3 d5 17. exd6 Rfd8 18. Qf2 f5 19. Qh4 b4 20. Rh3 h6 21. Ne2 Bxd3 22. Rxd3 Rxd6 23. Rxd6 Qc5+ 24. Qf2 Qxd6 25. Qe3 Rb5 26. a3 bxa3 27. bxa3 e5 28. h3 Qc5 29. Qxc5 Rxc5 30. fxe5 Rxc2 31. Nf4 Nxe5 32. Rb1 Rd2 33. Rb8+ Kf7 34. Rb5 Nc4 35. Rxf5+ Kg8 36. Rc5 Rd4 37. Rc8+ Kh7 1/2-1/2

[Event "XXX Torre Memorial 2018"]
[Site "Merida"]
[Date "2018.12.18"]
[Round "7"]
[White "Barrientos, Sergio E"]
[Black "Almeida Quintana, Omar"]
[Result "0-1"]
[ECO "B00"]
[WhiteElo "2499"]
[BlackElo "2545"]
[Annotator "ChessBase"]
[PlyCount "96"]
[EventDate "2018.12.15"]
[EventType "swiss"]
[EventCountry "MEX"]
[SourceTitle "playchess.com"]
[Source "ChessBase"]
[SourceQuality "1"]
[TimeControl "5400+30"]

1. e4 d6 2. d4 Nf6 3. Bd3 g6 4. Nf3 Bg7 5. O-O O-O 6. c3 Nbd7 7. Re1 e5 8. Nbd2 b6 9. Nf1 Bb7 10. Ng3 Re8 11. d5 c6 12. c4 Nc5 13. Bc2 a5 14. Be3 cxd5 15. cxd5 Nfd7 16. Qd2 b5 17. h4 Nf6 18. Bxc5 dxc5 19. a4 b4 20. Bd3 Qe7 21. Bb5 Red8 22. Qg5 h6 23. Qe3 Ng4 24. Qe2 h5 25. Nf1 f5 26. exf5 gxf5 27. Ng3 Rf8 28. Bc4 Qd6 29. Ng5 e4 30. Ne6 Bd4 31. Nxd4 cxd4 32. Qf1 d3 33. Rad1 Rae8 34. Bxd3 exd3 35. Rxe8 Rxe8 36. Qxd3 Re5 37. Qc4 Nf6 38. Nf1 Ba6 39. Qc6 Qxc6 40. dxc6 Bxf1 41. c7 Ba6 42. Rd8+ Re8 43. Rd6 Ng4 44. g3 Bb7 45. f3 Re1+ 46. Kg2 Rc1 47. Rd7 Rc2+ 48. Kf1 Nf6 0-1

[Event "XXX Torre Memorial 2018"]
[Site "Merida"]
[Date "2018.12.18"]
[Round "7"]
[White "Rios, Cristhian Camilo"]
[Black "Matsenko, Sergei"]
[Result "1-0"]
[ECO "E39"]
[WhiteElo "2467"]
[BlackElo "2524"]
[Annotator "ChessBase"]
[PlyCount "69"]
[EventDate "2018.12.15"]
[EventType "swiss"]
[EventCountry "MEX"]
[SourceTitle "playchess.com"]
[Source "ChessBase"]
[SourceQuality "1"]
[TimeControl "5400+30"]

1. d4 Nf6 2. c4 e6 3. Nc3 Bb4 4. Qc2 c5 5. dxc5 O-O 6. a3 Bxc5 7. Nf3 a6 8. Bg5 Be7 9. e4 d6 10. Be2 Qc7 11. O-O b6 12. Rfd1 Bb7 13. b4 Nbd7 14. Rac1 Rac8 15. Qd3 Rfd8 16. Nd2 h6 17. Bf4 Ne5 18. Qg3 Ng6 19. Be3 Nd7 20. Nb3 Nde5 21. f4 Nxc4 22. Bxc4 Qxc4 23. Nd4 Qxc3 24. Rxc3 Rxc3 25. f5 exf5 26. Nxf5 Re8 27. Qf2 Bf8 28. Rf1 Rxe4 29. Nxh6+ Kh7 30. Nxf7 Rcxe3 31. Ng5+ Kh6 32. Nxe4 Rxe4 33. Qxb6 Re7 34. Qxd6 Re8 35. Qd7 1-0

[Event "XXX Torre Memorial 2018"]
[Site "Merida"]
[Date "2018.12.18"]
[Round "8"]
[White "Quesada Perez, Yasser"]
[Black "Cordova, Emilio"]
[Result "1/2-1/2"]
[ECO "B33"]
[WhiteElo "2528"]
[BlackElo "2595"]
[Annotator "ChessBase"]
[PlyCount "50"]
[EventDate "2018.12.15"]
[EventType "swiss"]
[EventCountry "MEX"]
[SourceTitle "playchess.com"]
[Source "ChessBase"]
[SourceQuality "1"]
[TimeControl "5400+30"]

1. e4 c5 2. Nf3 Nc6 3. d4 cxd4 4. Nxd4 Nf6 5. Nc3 e5 6. Ndb5 d6 7. Bg5 a6 8. Na3 b5 9. Nd5 Be7 10. Bxf6 Bxf6 11. c4 b4 12. Nc2 a5 13. g3 Bg5 14. Bg2 O-O 15. O-O Be6 16. Qd3 Bxd5 17. cxd5 Nb8 18. a3 Na6 19. axb4 Nxb4 20. Nxb4 axb4 21. h4 Bh6 22. Qc4 Rc8 23. Qxb4 Rb8 24. Qc3 Qb6 25. Bh3 Qxb2 1/2-1/2

[Event "XXX Torre Memorial 2018"]
[Site "Merida"]
[Date "2018.12.18"]
[Round "8"]
[White "Escobar Forero, Alder"]
[Black "Theodorou, Nikolas"]
[Result "0-1"]
[ECO "B94"]
[WhiteElo "2479"]
[BlackElo "2546"]
[Annotator "ChessBase"]
[PlyCount "146"]
[EventDate "2018.12.15"]
[EventType "swiss"]
[EventCountry "MEX"]
[SourceTitle "playchess.com"]
[Source "ChessBase"]
[SourceQuality "1"]
[TimeControl "5400+30"]

1. e4 c5 2. Nf3 d6 3. d4 cxd4 4. Nxd4 Nf6 5. Nc3 a6 6. Bg5 Nbd7 7. Bc4 Qb6 8. O-O Qc5 9. Bd5 e6 10. Re1 Ne5 11. Na4 Qa5 12. Bb3 Be7 13. Qe2 Bd7 14. Nc3 O-O 15. Rad1 Nc6 16. Nf3 Rfd8 17. Nb1 h6 18. Bf4 Ne5 19. Nbd2 Qc7 20. c4 a5 21. a3 a4 22. Ba2 Ng6 23. Be3 Ng4 24. Bd4 Bf6 25. Nb1 Rac8 26. Nc3 N4e5 27. Nxe5 dxe5 28. Be3 Be7 29. g3 Bc5 30. Rd3 Be8 31. Red1 Rxd3 32. Qxd3 Ne7 33. Bxc5 Qxc5 34. Qd6 Qxd6 35. Rxd6 Bc6 36. f3 Kf8 37. Kf2 Ng6 38. Ke3 Ke7 39. Rd2 Ra8 40. Bb1 Ra5 41. Bc2 Nf8 42. Na2 Be8 43. Nc3 Bc6 44. Na2 g5 45. Nb4 Be8 46. Rd1 Nd7 47. Rh1 Nb6 48. Bd3 Rc5 49. h4 Nxc4+ 50. Bxc4 Rxc4 51. hxg5 hxg5 52. Rh5 Kf6 53. Rh8 Bb5 54. Ra8 Rc1 55. Ra5 Bc4 56. Rc5 b6 57. Rc6 b5 58. Nd5+ Kg7 59. Kd2 Rb1 60. Kc2 Rf1 61. Ne3 Bb3+ 62. Kd2 Rxf3 63. Rc5 Rxg3 64. Rxe5 Kg6 65. Rxb5 Rf3 66. Ng4 f6 67. Rb4 Kh5 68. e5 f5 69. Nf6+ Kg6 70. Nd7 Rf2+ 71. Ke1 Rxb2 72. Nc5 Ra2 73. Rb6 f4 0-1

[Event "XXX Torre Memorial 2018"]
[Site "Merida"]
[Date "2018.12.18"]
[Round "8"]
[White "Rios, Cristhian Camilo"]
[Black "Gonzalez Vidal, Yuri"]
[Result "1/2-1/2"]
[ECO "D31"]
[WhiteElo "2467"]
[BlackElo "2553"]
[Annotator "ChessBase"]
[PlyCount "49"]
[EventDate "2018.12.15"]
[EventType "swiss"]
[EventCountry "MEX"]
[SourceTitle "playchess.com"]
[Source "ChessBase"]
[SourceQuality "1"]
[TimeControl "5400+30"]

1. d4 d5 2. c4 e6 3. Nc3 Bb4 4. cxd5 exd5 5. Bf4 Ne7 6. e3 c6 7. Nf3 O-O 8. Be2 Bd6 9. Ne5 Bc7 10. O-O Nd7 11. Nd3 Bxf4 12. Nxf4 Nf6 13. b4 a6 14. a4 Qd6 15. b5 axb5 16. axb5 Bf5 17. Qb3 h6 18. h3 g5 19. Nh5 Nxh5 20. Bxh5 Bd3 21. Be2 Bxe2 22. Nxe2 f5 23. Rxa8 Rxa8 24. bxc6 bxc6 25. Rb1 1/2-1/2